 Dungeon Crawl Stone Soup version 0.29-a0-872-g797fff5ad1 (webtiles) character file.

Game seed: 15042253326751705183

182 clackabat the Poker (level 5, 0/42 HPs)
             Began as a Merfolk Gladiator on July 19, 2022.
             Slain by a gnoll sergeant
             ... wielding a +4 vampiric spear
              (14 damage)
             ... on level 4 of the Dungeon.
             The game lasted 00:05:07 (3161 turns).

clackabat the Poker (Merfolk Gladiator)             Turns: 3161, Time: 00:05:07

Health: 0/42       AC:  7    Str: 15    XL:     5   Next: 62%
Magic:  5/5        EV: 13    Int:  9    God:
Gold:   190        SH:  0    Dex: 15    Spells: 4/4 levels left

rFire   . . .      SeeInvis .   a - +0 trident
rCold   . . .      Faith    .   (no shield)
rNeg    . . .      Spirit   .   b - +0 leather armour
rPois   .          Reflect  .   c - +0 helmet
rElec   .          Harm     .   g - +0 cloak
rCorr   .          Rampage  .   p - +1 pair of gloves
Will    .....                   (no boots)
Stlth   +.........              (no amulet)
HPRegen 0.14/turn               (no ring)
MPRegen 0.09/turn               (no ring)

@: no status effects
A: (nimble swimmer 2), mertail
a: no special abilities


You were on level 4 of the Dungeon.
You visited 1 branch of the dungeon, and saw 4 of its levels.

You collected 190 gold pieces.

Inventory:

Hand Weapons
 a - a +0 trident (weapon)
Missiles
 d - 3 throwing nets (quivered)
 e - a javelin
 j - 17 poisoned darts
Armour
 b - a +0 leather armour (worn)
 c - a +0 helmet (worn)
 g - a +0 cloak (worn)
 p - a +1 pair of gloves (worn)
Jewellery
 q - a ring of wizardry
Wands
 i - a wand of flame (20)
Scrolls
 k - 3 scrolls of blinking
 m - a scroll of identify
 n - 2 scrolls of teleportation {unknown}
Potions
 f - 3 potions of curing {unknown}
 h - a potion of mutation {unknown}
 l - a potion of might
 o - 2 potions of flight


   Skills:
 + Level 3.9 Fighting
 * Level 7.0 Polearms
 - Level 2.0 Throwing
 - Level 4.0 Dodging


You had 4 spell levels left.
You didn't know any spells.
Your spell library contained the following spells:

 Spells                   Type           Power      Damage    Failure   Level
 Static Discharge         Conj/Air       0%         3-3/arc   58%         2
 Lightning Bolt           Conj/Air       0%         1d11      100%        5
 Maxwell's Capacitive Co  Air            0%         ∞         100%        8


Dungeon Overview and Level Annotations

Branches:
Dungeon (4/15)
 Temple: D:4-7

Altars:
Qazlal
Ru
Xom

Shops:
D:1 ?


Innate Abilities, Weirdness & Mutations

((You are very nimble when in or above water. (Stealth+, EV+, Speed+++)))
Your lower body shifts to a powerful aquatic tail in water.


Message History

A gnoll comes into view. It is wielding a +0 club.
The gnoll shouts!
A gnoll comes into view. It is wielding a +0 halberd.
The gnoll hits you from afar with a +0 spear.
You reach to attack!
The gnoll shouts!
You puncture the gnoll!
The gnoll is heavily wounded.
The gnoll hits you but does no damage.
You reach to attack!
You barely miss the gnoll.
The gnoll is heavily wounded.
The gnoll hits you from afar with a +0 spear.
The gnoll sergeant hits you but does no damage.
You reach to attack!
You completely miss the gnoll.
The gnoll is heavily wounded.
The gnoll hits you from afar with a +0 spear.
The gnoll sergeant hits you from afar with a +4 vampiric spear.
You reach to attack!
You completely miss the gnoll.
The gnoll is heavily wounded.
The gnoll hits you from afar with a +0 spear.
The gnoll sergeant hits you from afar with a +4 vampiric spear!
You are too injured to fight recklessly!
You are too injured to fight recklessly!
You are too injured to fight recklessly!
The gnoll barely misses you. The gnoll sergeant barely misses you.
You hit the gnoll sergeant.
The gnoll sergeant is lightly wounded.
The gnoll misses you.
You hit the gnoll.
The gnoll is lightly wounded.
The gnoll hits you but does no damage.
The gnoll sergeant hits you with a +4 vampiric spear.
The gnoll sergeant draws strength from your wounds!
The gnoll closely misses you.
You hit the gnoll but do no damage. You hit the gnoll.
The gnoll is lightly wounded.
The gnoll closely misses you.
The gnoll sergeant hits you with a +4 vampiric spear!
You die...

#.... #.....# ### ###
.......
###.###.##.......
#....##..$......
##...............
#............## ###
#...........## #.#
#......##g@##
..#####......###gg#
......#.......##gg#
................g..#
≈≈≈≈#....>..........
≈##≈.................
###≈...#..............
#≈≈.###...............
.'.... ....##.


You could see a gnoll sergeant and 5 gnolls.

Vanquished Creatures
  A hound (D:4)
  An iguana (D:4)
  7 adders
  2 worms
  2 dart slugs
  An orc (D:4)
  3 ball pythons
  4 endoplasms
  2 giant cockroaches (D:1)
  7 hobgoblins
  A quokka (D:3)
  5 bats
  A frilled lizard (D:3)
  8 goblins
  5 kobolds
  4 rats
54 creatures vanquished.

Vanquished Creatures (others)
  A plant (D:1)
1 creature vanquished.

Grand Total: 55 creatures vanquished

Notes
Turn   | Place    | Note
-------+----------+-------------------------------------------
     0 | D:1      | clackabat the Merfolk Gladiator began the quest for the
                  | Orb.
     0 | D:1      | Reached XP level 1. HP: 16/16 MP: 1/1
   127 | D:1      | Found Zelit's Magic Scroll Shop.
   143 | D:1      | Reached XP level 2. HP: 16/23 MP: 2/2
   151 | D:1      | HP: 1/23 [goblin/+0 club (3)]
   652 | D:1      | You fall into a shaft and drop 1 floor!
   977 | D:1      | Reached skill level 5 in Polearms
  1239 | D:1      | Reached XP level 3. HP: 28/28 MP: 3/3
  1241 | D:1      | Found a faded altar of an unknown god.
  2148 | D:3      | Reached XP level 4. HP: 35/35 MP: 4/4
  2165 | D:3      | Found a sacrificial altar of Ru.
  2409 | D:3      | Reached skill level 6 in Polearms
  2614 | D:3      | Found a stormy altar of Qazlal.
  2901 | D:4      | Reached XP level 5. HP: 30/41 MP: 5/5
  2981 | D:4      | Found a shimmering altar of Xom.
  3025 | D:4      | Reached skill level 7 in Polearms
  3161 | D:4      | Slain by a gnoll sergeant

Illustrated notes

Levels and vault maps discovered:
D:1:      sevenhm_arrival_forest_fort_small_6, layout_basic,
          dreamdust_ecumenical_altar_hidden_monk_grotto, serial_shops,
          nicolae_shop_behind_doors
D:2:      layout_loops_ring
D:3:      layout_rooms, grunt_qazlal_sundering, mainiacjoe_overflow_alcove_1
D:4:      layout_cave_pools, tgw_xom, nicolae_hepliaklqana_hippocampus,
          serial_shops, nicolae_shop_crystal, lightli_minifort, uniq_sigmund

Skill      XL: |  1  2  3  4  5 |
---------------+----------------+-----
Polearms       | 5 6 7 |  7.0
Fighting       | 3 |  3.9
Throwing       | |  2.0
Dodging        | |  4.0

Action                   |  1- 3 |  4- 6 || total
-------------------------+-------+-------++-------
Melee: Trident           |    99 |   107 ||   206
       Punch             |     1 |     1 ||     2
  Use: Scroll            |       |     8 ||     8
 Stab: Sleeping          |     1 |     1 ||     2
Armor: Leather armour    |    20 |    30 ||    50
Dodge: Dodged            |    61 |    77 ||   138

Table legend: (Time is in decaauts)
 A = Elapsed time spent in this place.
 B = Non-inter-level travel time spent in this place.
 C = Inter-level travel time spent in this place.
 D = Time resting spent in this place.
 E = Time spent auto-exploring this place.
 F = Levels seen in this place.
 G = Mean time per level.
                   A        B        C        D        E       F      G
               +--------+--------+--------+--------+--------+-----+--------+
         Total |   3158 |   2782 |    376 |    410 |   1941 |   4 |  789.5 |
       Dungeon |   3158 |   2782 |    376 |    410 |   1941 |   4 |  789.5 |
               +--------+--------+--------+--------+--------+-----+--------+

Top non-repeatable levels by time:
     D:1: 1369 daAuts
     D:2: 771 daAuts
     D:3: 716 daAuts
     D:4: 300 daAuts
